MLB
HOUSTON ASTROS @ CLEVELAND INDIANS
07/31/2019
 
TOP OF THE 1ST
Houston Astros batting - Pitching for Cleveland Indians : RHP Max Scherzer
Pitching: RHP Max Scherzer
Batting: LHB Colin Moran 0-0: Called Strike
0-1: Foul Ball, location: 2F
0-2: Foul Ball, location: 2F
0-2: Strikes out looking
Batting: SHB Ben Zobrist 0-0: Foul Ball, location: 2F
0-1: Fly out, F4 (Popup, 4S, EV 81.9 MPH)
Batting: RHB Edwin Encarnacion 0-0: Called Strike
0-1: Called Strike
0-2: Strikes out swinging
Top of the 1st over - 0 runs, 0 hits, 0 errors, 0 left on base; Houston 0 - Cleveland 0
BOTTOM OF THE 1ST
Cleveland Indians batting - Pitching for Houston Astros : RHP Jose Urena
Pitching: RHP Jose Urena
Batting: LHB Adam Frazier 0-0: Ball
1-0: Called Strike
1-1: Called Strike
1-2: Foul Ball, location: 2F
1-2: Ball
2-2: Fly out, F7 (Flyball, 7, EV 86.3 MPH)
Batting: LHB Christian Yelich 0-0: Called Strike
0-1: Called Strike
0-2: Ball
1-2: Ball
2-2: Foul Ball, location: 2F
2-2: Ball
3-2: Base on Balls
Batting: RHB J.D. Martinez 0-0: Called Strike
0-1: SINGLE (Flyball, 8RS, EV 91.9 MPH)
Christian Yelich to second
Batting: LHB Matt Carpenter 0-0: Ball
1-0: Grounds into double play, 4-6-3 (Groundball, 4, EV 90.0 MPH)
Bottom of the 1st over - 0 runs, 1 hit, 0 errors, 1 left on base; Houston 0 - Cleveland 0
TOP OF THE 2ND
Houston Astros batting - Pitching for Cleveland Indians : RHP Max Scherzer
Batting: LHB Jason Heyward 0-0: Ball
1-0: Ball
2-0: Foul Ball, location: 2F
2-1: Fly out, F9 (Flyball, 9S, EV 95.6 MPH)
Batting: LHB Bradley Zimmer 0-0: Ball
1-0: Ball
2-0: Foul Ball, location: 2F
2-1: Swinging Strike
2-2: Ball
3-2: Foul Ball, location: 2F
3-2: Strikes out swinging
Batting: SHB Jorge Polanco 0-0: Ball
1-0: Called Strike
1-1: Fly out, F7 (Flyball, 78S, EV 83.1 MPH)
Top of the 2nd over - 0 runs, 0 hits, 0 errors, 0 left on base; Houston 0 - Cleveland 0
BOTTOM OF THE 2ND
Cleveland Indians batting - Pitching for Houston Astros : RHP Jose Urena
Batting: RHB Matt Chapman 0-0: Called Strike
0-1: Ball
1-1: Ball
2-1: Ground out 5-3 (Groundball, 5, EV 103.1 MPH)
Batting: RHB Steven Souza Jr. 0-0: Ball
1-0: Swinging Strike
1-1: Fly out, F3 (Popup, 23F, EV 88.8 MPH)
Batting: SHB Marwin Gonzalez 0-0: Called Strike
0-1: Ball
1-1: Foul Ball, location: 2F
1-2: SINGLE (Line Drive, 9S, EV 112.5 MPH)
Batting: LHB Stephen Vogt 0-0: Called Strike
0-1: Ball
1-1: Called Strike
1-2: DOUBLE (Flyball, 89XD, EV 111.3 MPH)
Marwin Gonzalez to third
Batting: RHB Marcus Semien 0-0: Called Strike
0-1: Foul Ball, location: 2F
0-2: Strikes out swinging, 2-3 out at first.
Bottom of the 2nd over - 0 runs, 2 hits, 0 errors, 2 left on base; Houston 0 - Cleveland 0
TOP OF THE 3RD
Houston Astros batting - Pitching for Cleveland Indians : RHP Max Scherzer
Batting: RHB Jermaine Palacios 0-0: Ground out 4-3 (Groundball, 4, EV 103.1 MPH)
Batting: LHB Rougned Odor 0-0: Ball
1-0: Swinging Strike
1-1: Foul Ball, location: 2F
1-2: Ball
2-2: Strikes out swinging
Batting: SHB Tucker Barnhart 0-0: Ball
1-0: Ball
2-0: Fly out, F7 (Line Drive, 7, EV 105.6 MPH)
Top of the 3rd over - 0 runs, 0 hits, 0 errors, 0 left on base; Houston 0 - Cleveland 0
BOTTOM OF THE 3RD
Cleveland Indians batting - Pitching for Houston Astros : RHP Jose Urena
Batting: LHB Adam Frazier 0-0: Ball
1-0: Ball
2-0: SINGLE (Line Drive, 34, EV 105.0 MPH)
Batting: LHB Christian Yelich 0-0: Ball
1-0: Fly out, F8 (Flyball, 78XD, EV 107.5 MPH)
Batting: RHB J.D. Martinez 0-0: Fly out, F3 (Popup, 3S, EV 80.0 MPH)
Batting: LHB Matt Carpenter 0-0: Ball
1-0: Called Strike
1-1: Ball
2-1: Ball
3-1: Base on Balls
Adam Frazier to second
Batting: RHB Matt Chapman 0-0: Foul Ball, location: 2F
0-1: Swinging Strike
0-2: Ball
1-2: Ball
2-2: Strikes out looking
Bottom of the 3rd over - 0 runs, 1 hit, 0 errors, 2 left on base; Houston 0 - Cleveland 0
TOP OF THE 4TH
Houston Astros batting - Pitching for Cleveland Indians : RHP Max Scherzer
Batting: LHB Colin Moran 0-0: Ball
1-0: Ball
2-0: Called Strike
2-1: Ground out 4-3 (Groundball, 4, EV 92.5 MPH)
Batting: SHB Ben Zobrist 0-0: Foul Ball, location: 2F
0-1: Ball
1-1: Swinging Strike
1-2: Foul Ball, location: 2F
1-2: Ground out 4-3 (Groundball, 4, EV 102.5 MPH)
Batting: RHB Edwin Encarnacion 0-0: Called Strike
0-1: Called Strike
0-2: Strikes out swinging
Top of the 4th over - 0 runs, 0 hits, 0 errors, 0 left on base; Houston 0 - Cleveland 0
BOTTOM OF THE 4TH
Cleveland Indians batting - Pitching for Houston Astros : RHP Jose Urena
Batting: RHB Steven Souza Jr. 0-0: Ball
1-0: Ball
2-0: Called Strike
2-1: Foul Ball, location: 2F
2-2: Ground out 6-3 (Groundball, 56, EV 93.1 MPH)
Batting: SHB Marwin Gonzalez 0-0: Ball
1-0: Called Strike
1-1: Ball
2-1: Ball
3-1: Called Strike
3-2: Base on Balls
Batting: LHB Stephen Vogt 0-0: Ball
1-0: Ball
2-0: Called Strike
2-1: Foul Ball, location: 2F
2-2: Foul Ball, location: 2F
2-2: Fly out, F8 (Flyball, 8RD, EV 105.6 MPH)
Batting: RHB Marcus Semien 0-0: Ball
1-0: Foul Ball, location: 2F
1-1: Ball
2-1: Ball
3-1: Foul Ball, location: 2F
3-2: Fly out, F3 (Popup, 3SF, EV 65.6 MPH)
Bottom of the 4th over - 0 runs, 0 hits, 0 errors, 1 left on base; Houston 0 - Cleveland 0
TOP OF THE 5TH
Houston Astros batting - Pitching for Cleveland Indians : RHP Max Scherzer
Batting: LHB Jason Heyward 0-0: Called Strike
0-1: Called Strike
0-2: Strikes out swinging
Batting: LHB Bradley Zimmer 0-0: Ball
1-0: Ball
2-0: Called Strike
2-1: Fly out, F9 (Line Drive, 9, EV 98.1 MPH)
Batting: SHB Jorge Polanco 0-0: Foul Ball, location: 2F
0-1: Foul Ball, location: 2F
0-2: Ball
1-2: Ball
2-2: Foul Ball, location: 2F
2-2: Strikes out looking
Top of the 5th over - 0 runs, 0 hits, 0 errors, 0 left on base; Houston 0 - Cleveland 0
BOTTOM OF THE 5TH
Cleveland Indians batting - Pitching for Houston Astros : RHP Jose Urena
Batting: LHB Adam Frazier 0-0: Ball
1-0: Ball
2-0: Ball
3-0: Called Strike
3-1: Ground out U3 (Groundball, 3, EV 111.3 MPH)
Batting: LHB Christian Yelich 0-0: Foul Ball, location: 2F
0-1: Swinging Strike
0-2: Ball
1-2: Ball
2-2: Strikes out swinging
Batting: RHB J.D. Martinez 0-0: Called Strike
0-1: Fly out, F8 (Line Drive, 8RD, EV 101.9 MPH)
Bottom of the 5th over - 0 runs, 0 hits, 0 errors, 0 left on base; Houston 0 - Cleveland 0
TOP OF THE 6TH
Houston Astros batting - Pitching for Cleveland Indians : RHP Max Scherzer
Batting: RHB Jermaine Palacios 0-0: Called Strike
0-1: Swinging Strike
0-2: Strikes out swinging
Batting: LHB Rougned Odor 0-0: Ground out 3-1 (Groundball, 34, EV 76.3 MPH)
Batting: SHB Tucker Barnhart 0-0: Foul Ball, location: 2F
0-1: Foul Ball, location: 2F
0-2: Strikes out swinging
Top of the 6th over - 0 runs, 0 hits, 0 errors, 0 left on base; Houston 0 - Cleveland 0
BOTTOM OF THE 6TH
Cleveland Indians batting - Pitching for Houston Astros : RHP Jose Urena
Pitching: LHP Chris Rusin
Batting: LHB Matt Carpenter 0-0: Foul Ball, location: 2F
0-1: Foul Ball, location: 2F
0-2: Ball
1-2: Foul Ball, location: 2F
1-2: SINGLE (Groundball, 4MD, EV 93.8 MPH)
Batting: RHB Matt Chapman 0-0: Called Strike
0-1: Ball
1-1: SINGLE (Groundball, 56D, EV 104.4 MPH)
Matt Carpenter to second
Batting: RHB Steven Souza Jr. 0-0: Ball
1-0: Ball
2-0: Bunted foul
2-1: Ball
3-1: Base on Balls
Matt Carpenter to third
Matt Chapman to second
Pitching: LHP Jairo Labourt
Batting: SHB Marwin Gonzalez 0-0: Ball
1-0: Ball
2-0: Ball
3-0: Called Strike
3-1: Foul Ball, location: 2F
3-2: Base on Balls
Matt Carpenter scores
Matt Chapman to third
Steven Souza Jr. to second
Batting: LHB Stephen Vogt 0-0: Ball
1-0: Called Strike
1-1: Fly out, F8 (Flyball, 78XD, EV 87.5 MPH)
Runner from 3rd tags up, SCORES, no throw by CF
Steven Souza Jr. to third
Batting: RHB Marcus Semien 0-0: Ball
1-0: Ball
Wild Pitch!
Steven Souza Jr. scores
Marwin Gonzalez to second
2-0: Intentional Walk
Batting: LHB Adam Frazier 0-0: Swinging Strike
0-1: Foul Ball, location: 2F
0-2: Strikes out swinging
Batting: LHB Christian Yelich 0-0: Swinging Strike
0-1: Ball
1-1: Ball
2-1: Called Strike
2-2: Foul Ball, location: 2F
2-2: TRIPLE (Line Drive, 8LXD, EV 97.5 MPH)
Marwin Gonzalez scores
Marcus Semien scores
Batting: RHB J.D. Martinez 0-0: Ball
1-0: Called Strike
1-1: Foul Ball, location: 2F
1-2: Ball
2-2: Strikes out looking
Bottom of the 6th over - 5 runs, 3 hits, 0 errors, 1 left on base; Houston 0 - Cleveland 5
TOP OF THE 7TH
Houston Astros batting - Pitching for Cleveland Indians : RHP Max Scherzer
Batting: LHB Colin Moran 0-0: Ball
1-0: Foul Ball, location: 2F
1-1: Swinging Strike
1-2: Strikes out looking
Batting: SHB Ben Zobrist 0-0: Ball
1-0: Called Strike
1-1: Ball
2-1: Foul Ball, location: 2F
2-2: Strikes out swinging
Batting: RHB Edwin Encarnacion 0-0: Foul Ball, location: 2F
0-1: Ball
1-1: Foul Ball, location: 2F
1-2: Strikes out swinging
Top of the 7th over - 0 runs, 0 hits, 0 errors, 0 left on base; Houston 0 - Cleveland 5
BOTTOM OF THE 7TH
Cleveland Indians batting - Pitching for Houston Astros : LHP Jairo Labourt
Batting: LHB Matt Carpenter 0-0: Called Strike
0-1: Ball
1-1: Ball
2-1: Foul Ball, location: 2F
2-2: Fly out, F8 (Flyball, 8LM, EV 87.5 MPH)
Batting: RHB Matt Chapman 0-0: Ball
1-0: Called Strike
1-1: Foul Ball, location: 2F
1-2: Ball
2-2: Ball
3-2: Base on Balls
Pitching: RHP Domingo Acevedo
Batting: RHB Steven Souza Jr. 0-0: Called Strike
0-1: Fly out, F7 (Flyball, 7S, EV 87.5 MPH)
Batting: SHB Marwin Gonzalez 0-0: Ball
1-0: Fly out, F7 (Flyball, 7, EV 91.3 MPH)
Bottom of the 7th over - 0 runs, 0 hits, 0 errors, 1 left on base; Houston 0 - Cleveland 5
TOP OF THE 8TH
Houston Astros batting - Pitching for Cleveland Indians : RHP Max Scherzer
Batting: LHB Jason Heyward 0-0: SINGLE (Line Drive, 9S, EV 107.5 MPH)
Batting: LHB Bradley Zimmer 0-0: Ball
1-0: Ball
2-0: Called Strike
2-1: Fielders Choice at 2nd, 4-6 (Groundball, 4M, EV 106.3 MPH)
Batting: SHB Jorge Polanco 0-0: Foul Ball, location: 2F
0-1: Called Strike
0-2: Foul Ball, location: 2F
0-2: Ball
1-2: Ball
2-2: Strikes out swinging
Batting: RHB Jermaine Palacios 0-0: Ball
1-0: Called Strike
1-1: SINGLE (Line Drive, 9S, EV 98.1 MPH)
Bradley Zimmer to second
Runner from 2nd tries for 3rd, SAFE, throw by RF made to third
Batting: LHB Rougned Odor 0-0: Foul Ball, location: 2F
0-1: Foul Ball, location: 2F
0-2: Strikes out swinging
Top of the 8th over - 0 runs, 2 hits, 0 errors, 2 left on base; Houston 0 - Cleveland 5
BOTTOM OF THE 8TH
Cleveland Indians batting - Pitching for Houston Astros : RHP Domingo Acevedo
Batting: LHB Stephen Vogt 0-0: Called Strike
0-1: Ball
1-1: Called Strike
1-2: Ground out 1-3 (Groundball, 34S, EV 83.8 MPH)
Batting: RHB Marcus Semien 0-0: Ball
1-0: Ball
2-0: Foul Ball, location: 2F
2-1: Foul Ball, location: 2F
2-2: Foul Ball, location: 2F
2-2: Ball
3-2: SINGLE (Groundball, 4M, EV 83.8 MPH) (infield hit)
Batting: LHB Adam Frazier 0-0: Called Strike
0-1: Grounds into double play, 5-4-3 (Groundball, 56, EV 85.0 MPH)
Bottom of the 8th over - 0 runs, 1 hit, 0 errors, 0 left on base; Houston 0 - Cleveland 5
TOP OF THE 9TH
Houston Astros batting - Pitching for Cleveland Indians : RHP Max Scherzer
Batting: SHB Tucker Barnhart 0-0: Ball
1-0: Foul Ball, location: 2F
1-1: Foul Ball, location: 2F
1-2: Ground out 3-1 (Groundball, 34, EV 92.5 MPH)
Batting: LHB Colin Moran 0-0: Called Strike
0-1: Foul Ball, location: 2F
0-2: Ball
1-2: Fly out, F8 (Flyball, 8RD, EV 85.6 MPH)
Pitching: RHP David Robertson
Batting: SHB Ben Zobrist 0-0: Ball
1-0: Swinging Strike
1-1: Ball
2-1: SINGLE (Line Drive, 3D, EV 96.9 MPH)
Batting: RHB Edwin Encarnacion 0-0: Ball
1-0: Foul Ball, location: 2F
1-1: SINGLE (Groundball, 56D, EV 101.3 MPH)
Ben Zobrist to second
Batting: LHB Jason Heyward 0-0: Ball
1-0: Swinging Strike
1-1: Foul Ball, location: 2F
1-2: SINGLE (Groundball, 34D, EV 95.6 MPH)
Ben Zobrist to third
Edwin Encarnacion to second
Pitching: RHP Dellin Betances
Batting: LHB Bradley Zimmer 0-0: Ball
1-0: Called Strike
1-1: Swinging Strike
1-2: Strikes out swinging
Top of the 9th over - 0 runs, 3 hits, 0 errors, 3 left on base; Houston 0 - Cleveland 5
Monday, November 4th, 2019 - OOTP Baseball 20.6 Build 55